 Dungeon Crawl Stone Soup version 0.20.1-1-g8b1a95d66d (webtiles) character file.

50 BrokenGlass the Ruffian (level 3, -2/26 HPs)
             Began as an Octopode Fighter on Jan 1, 2018.
             Slain by Natasha (3 damage)
             ... on level 2 of the Dungeon.
             The game lasted 00:00:59 (1278 turns).

BrokenGlass the Ruffian (Octopode Fighter)          Turns: 1278, Time: 00:01:00

Health: -2/26      AC:  1    Str: 16    XL:     3   Next: 79%
Magic:  3/3        EV: 14    Int: 10    God:
Gold:   20         SH:  0    Dex: 11    Spells: 2/2 levels left

rFire    . . .     SeeInvis .     - Unarmed
rCold    . . .     Gourm    .   (no shield)
rNeg     . . .     Faith    .   (helmet restricted)
rPois    .         Spirit   .   (no amulet)
rElec    .         Reflect  .   (no ring)
rCorr    .         Harm     .   (no ring)
MR       .....                  (no ring)
Stlth    ++........             (no ring)
Regen    0.1/turn               (no ring)
MPRegen  0.1/turn               (no ring)
                                (no ring)
                                (no ring)

@: lethally poisoned (-2 -> -6)
A: almost no armour, stealthy swim, amphibious, 8 rings, constrict 8, camouflage
1, gelatinous body 1
a: no special abilities


You were on level 2 of the Dungeon.
You were very hungry.

You visited 1 branch of the dungeon, and saw 2 of its levels.

You collected 20 gold pieces.

Inventory:

Armour
 a - a +0 shield
Scrolls
 h - 2 scrolls of fear {unknown}
 j - a scroll of teleportation {unknown}
 k - a scroll of enchant weapon {unknown}
Potions
 b - a potion of might
 e - 2 potions of flight {unknown}
 f - a potion of heal wounds {unknown}
 i - a potion of berserk rage {unknown}
 l - a potion of curing {unknown}
 m - a potion of magic {unknown}
 n - a potion of resistance {unknown}
Comestibles
 c - a bread ration
 d - a meat ration
 g - a royal jelly


   Skills:
 - Level 3.0 Fighting
 - Level 3.0 Dodging
 - Level 3.0 Shields
 + Level 4.0 Unarmed Combat


You had 2 spell levels left.
You didn't know any spells.

Dungeon Overview and Level Annotations

Branches:
Dungeon (2/15)

Altars:

Annotations:
D:2 Natasha


Innate Abilities, Weirdness & Mutations

You cannot wear most types of armour.
You are very stealthy in the water. (Stealth+)
You are amphibious.
You can wear up to eight rings at the same time.
You can use your tentacles to constrict eight enemies at once.
Your skin changes colour to match your surroundings (Stealth+).
Your rubbery body absorbs attacks. (AC +1, EV +1)


Message History

Unknown command.
You tentacle-slap the adder.
You kill the adder!
Your Unarmed Combat skill increases to level 4!
Natasha closely misses you.
Unknown command.
You tentacle-slap Natasha. Your grab misses Natasha.
Natasha is heavily wounded.
You feel sick.
Unknown command.
You completely miss Natasha. Your grab misses Natasha.
Natasha is heavily wounded.
Natasha claws you!
* * * LOW HITPOINT WARNING * * *
Unknown command.
You tentacle-slap Natasha. Your grab misses Natasha.
Natasha is heavily wounded.
* * * LOW HITPOINT WARNING * * *
You feel sick. Natasha claws you.
You die...

... ... ... ... #.##
... ## #.#.#########
#@###......##
#.#hrg.......##
#.#$#g..)......#
#.#.#...........#
#.#.#.#..........#
#.#.#.#...........#
#.#.#.#.#..........#
.#.#.#.#..........##
.#.#.#.#.$........#


You could see Natasha, a hobgoblin, a goblin and a rat.

Vanquished Creatures
  An adder (D:2)
  An ooze (D:2)
  A dart slug (D:1)
  A leopard gecko (D:1)
  A ball python (D:1)
  4 bats
  2 giant cockroaches (D:1)
  8 hobgoblins (D:1)
  4 kobolds
  3 goblins (D:1)
  4 rats (D:1)
30 creatures vanquished.

Notes
Turn   | Place    | Note
-------+----------+-------------------------------------------
     0 | D:1      | BrokenGlass the Octopode Fighter began the quest for the Orb.
     0 | D:1      | Reached XP level 1. HP: 16/16 MP: 1/1
   161 | D:1      | Reached XP level 2. HP: 14/21 MP: 2/2
   286 | D:1      | Reached skill level 3 in Unarmed Combat
   821 | D:1      | Reached XP level 3. HP: 19/26 MP: 3/3
  1256 | D:2      | Noticed Natasha
  1275 | D:2      | Reached skill level 4 in Unarmed Combat
  1278 | D:2      | HP: 1/26 [poisoned by an adder]
  1278 | D:2      | Slain by Natasha

Skill      XL: |  1  2  3 |
---------------+----------+-----
Unarmed Combat | 3 4 |  4.0
Fighting       | |  3.0
Dodging        | |  3.0
Shields        | |  3.0

Action                   || total
-------------------------++-------
Melee: Unarmed           ||    65
       Constrict         ||    20
       Tentacles         ||    12
       Punch             ||     1
 Stab: Sleeping          ||     1
Armor: Skin              ||     4
Dodge: Dodged            ||    61
